 Dungeon Crawl Stone Soup version bcrawl-1.27.5 (console) character file.

Game seed: 3168240892808661324

85251 FIQ the Sneak (level 3, 0/26 HPs)
             Began as a Demonspawn Archaeologist on Aug 13, 2020.
             Slain by a quasit (1 damage)
             ... on level 3 of the Dungeon.
             The game lasted 00:03:22 (2074 turns).

FIQ the Sneak (Demonspawn Archaeologist)            Turns: 2074, Time: 00:03:23

Health: 0/26       AC: 12    Str: 12      XL:     3   Next: 35%
Magic:  3/3        EV:  2    Int: 20      God:
Gold:   188        SH:  0    Dex:  0 (11) Spells: 2/2 levels left

rFire    . . .     SeeInvis .   a - +0 whip
rCold    . . .     Gourm    .   (no shield)
rNeg     . . .     Faith    .   b - +1 robe
rPois    .         Spirit   .   c - +1 hat
rElec    .         Reflect  .   (no cloak)
rCorr    .         Harm     .   (no gloves)
MR       .....                  d - +1 pair of boots
Stlth    ..........             (no amulet)
HPRegen  0.08/turn              (no ring)
MPRegen  0.08/turn              (no ring)

@: brilliant, swift, sanguine armour, flying (expiring), starving, slowed, lost
dexterity, slow
A: powered by death 1, sanguine armour 1
a: no special abilities


You were on level 3 of the Dungeon.
You were starving.

You visited 1 branch of the dungeon, and saw 3 of its levels.

You collected 188 gold pieces.

Inventory:

Hand Weapons
 a - a +0 whip (weapon)
Missiles
 m - 2 throwing nets {=f}
Armour
 b - a +1 robe (worn)
 c - a +1 hat (worn)
 d - a +1 pair of boots (worn)
Jewellery
 p - an uncursed ring of positive energy {unknown}
Scrolls
 g - a scroll of magic mapping
 h - 4 scrolls of identify
 i - a scroll of enchant armour {unknown}
 j - a scroll of remove curse {unknown}
 k - a scroll of teleportation {unknown}
 o - a scroll of immolation {unknown}
 q - a scroll of fog {unknown}
Miscellaneous
 f - a dusty tome
Comestibles
 e - 6 rations {!d}


   Skills:
 - Level 1.0 Fighting
 + Level 3.0 Maces & Flails
 - Level 2.6 Dodging
 - Level 3.0 Stealth


You had 2 spell levels left.
You didn't know any spells.
Your spell library was empty.

Dungeon Overview and Level Annotations

Branches:
Dungeon (3/12)

Altars:
Elyvilon

Annotations:
D:3 3 runed translucent doors, yrara's ghost, weakling DsFi


Innate Abilities, Weirdness & Mutations

You regenerate a little health from kills.
When seriously injured, your bleeding wounds create armour. (AC +6)


Message History

The quasit claws you.
* * * LOW HITPOINT WARNING * * *
You feel clumsy.
You have lost your dexterity.
The quokka twitches its whiskers.
The quasit bites you but does no damage.
The quasit claws you but does no damage.
The quasit barely misses you.
The quasit bites you but does no damage.
The quasit claws you but does no damage. x2
You can move again.
You closely miss the quasit.
The quasit bites you but does no damage.
The quasit claws you but does no damage. x2
You miss the quasit.
You are starting to lose your buoyancy.
The quasit bites you.
* * * LOW HITPOINT WARNING * * *
The quasit claws you but does no damage. x2
The quasit completely misses you. The quasit claws you.
You die...

#.#.. ....... ##.#≈≈≈≈≈≈
#.#.#########.###..≈≈ ≈≈≈≈
.######.#.#.......#......≈#≈≈≈≈#
..........#...#...#...>...#≈≈#
.#####.#.#.?#.#..+.......≈##
#...<.#.#.?r....+.........#≈##
#...#####.#..#.#).+.............
... #.#...#w..#.####.####.## #
.### #.#...roWr#...........$.
.....##.#########..###########
.............@5...##
...##..............#
##.###.#.......##
...........###### ......##.#..#
.......# ###### #####.. ##


You could see a quasit, yrara's ghost, a dart slug, an orc and a quokka.

Vanquished Creatures
  A worm (D:2)
  A ball python (D:2)
  3 giant cockroaches
  7 goblins
  3 hobgoblins
  3 jackals (D:1)
  5 bats
  2 frilled lizards (D:1)
  7 kobolds (D:1)
  5 rats
37 creatures vanquished.

Notes
Turn   | Place    | Note
-------+----------+-------------------------------------------
     0 | D:1      | FIQ the Demonspawn Archaeologist began the quest for the
                  | Orb.
     0 | D:1      | Reached XP level 1. HP: 15/15 MP: 1/1
    35 | D:1      | Reached skill level 1 in Maces & Flails
   266 | D:1      | Gained mutation: When seriously injured, your bleeding
                  | wounds create armour. (AC +6) [demonic ancestry]
   266 | D:1      | Reached XP level 2. HP: 13/21 MP: 2/2
   798 | D:1      | Gained mutation: You regenerate a little health from kills.
                  | [demonic ancestry]
   798 | D:1      | Reached XP level 3. HP: 24/26 MP: 3/3
   996 | D:2      | Found a white marble altar of Elyvilon.
  1946 | D:3      | Noticed yrara's ghost (weakling DsFi)
  1956 | D:3      | Found a runed translucent gate.
  1956 | D:3      | Found a runed translucent gate.
  1964 | D:3      | Found a runed translucent gate.
  2071 | D:3      | Lost dexterity.
  2074 | D:3      | HP: 1/26 [quasit (1)]
  2074 | D:3      | Slain by a quasit

Skill      XL: |  1  2  3 |
---------------+----------+-----
Maces & Flails | 1 2 3 |  3.0
Fighting       | |  1.0
Dodging        | |  2.6
Stealth        | |  3.0

Action                   || total
-------------------------++-------
Melee: Whip              ||   256
  Use: Potion            ||     2
 Stab: Sleeping          ||     6
  Eat: Chunk             ||     7
Armor: Robe              ||   232
Dodge: Dodged            ||   273
